 Dungeon Crawl Stone Soup version 0.31-a0-198-g2ad674f65e (webtiles) character file.

Game seed: 14436689537098964325

562 qw the Skirmisher (level 7, -1/40 HPs)
             Began as a Deep Elf Hunter on June 25, 2023.
             Slain by Menkaure (11 damage)
             ... on level 5 of the Dungeon.
             The game lasted 00:01:36 (3481 turns).

qw the Skirmisher (Deep Elf Hunter)                 Turns: 3481, Time: 00:01:36

Health: -1/40      AC:  7    Str: 10    XL:     7   Next: 10%
Magic:  0/9        EV: 12    Int: 14    God:
Gold:   213        SH:  0    Dex: 18    Spells: 6/6 levels left

rFire   . . .        Y - +1 shortbow
rCold   . . .        (shield currently unavailable)
rNeg    . . .        e - +0 ring mail
rPois   .            o - +0 helmet
rElec   .            (no cloak)
rCorr   .            b - +0 pair of gloves
SInv    .            (no boots)
Will    .....        c - amulet of guardian spirit
Stlth   +            (no ring)
HPRegen 0.26/turn    (no ring)
MPRegen 0.11/turn

%: guardian spirit
@: no status effects
A: no striking features
a: no special abilities


You were on level 5 of the Dungeon.
You visited 2 branches of the dungeon, and saw 6 of its levels.

You collected 213 gold pieces.


   Skills:
 - Level 2.1 Fighting
 + Level 10.1 Ranged Weapons
 - Level 1.0 Armour
 - Level 4.1 Dodging
 - Level 1.2 Stealth


You had 6 spell levels left.
You didn't know any spells.
Your spell library was empty.

Inventory:

Hand Weapons
 Y - a +1 shortbow (weapon)
Armour
 b - a +0 pair of gloves (worn)
 e - a +0 ring mail (worn)
 o - a +0 helmet (worn)
Jewellery
 a - the amulet of the Frog {Harm Rampage *Corrode +Blink Regen+}
   (You found it on level 3 of the Dungeon)

   [amulet of regeneration]

   +Blink:    It lets you blink.
   Regen:     It increases your rate of health regeneration.
   *Corrode:  It may corrode you when you take damage.
   Harm:      It increases damage dealt and taken.
   Rampage:   It bestows one free step when moving towards enemies.
 c - an amulet of guardian spirit (around neck)
Scrolls
 n - 2 scrolls of identify
Potions
 f - 2 potions of curing
 i - a potion of berserk rage {unknown}
 j - a potion of mutation {unknown}
 l - a potion of haste {unknown}

Dungeon Overview and Level Annotations

Branches:
Dungeon (5/15)             Temple (1/1) D:5

Altars:
Dithmenos
Fedhas
Gozag
Hepliaklqana
Makhleb
Nemelex Xobeh
Qazlal
Trog
Vehumet
Wu Jian
Zin

Shops:
D:1 (

Annotations:
D:5 1 runed translucent door, Crazy Yiuf, Menkaure


Message History

You shoot an arrow. The arrow closely misses the gnoll.
You shoot an arrow. The arrow hits the gnoll.
You kill the gnoll!
You see here a +0 flail.
Crazy Yiuf shouts!
Crazy Yiuf says, "Goober foot ladder!"
Things that are here:
a +0 club; 3 boomerangs; an orc corpse You see here a +0 flail.
You open the door.
There is an open door here.
There is a stone staircase leading up here.
Menkaure, Prince of Dust comes into view.
Found a sling.
Menkaure shouts!
You shoot an arrow. The arrow completely misses Menkaure.
You shoot an arrow. The arrow completely misses Menkaure.
Menkaure rustles, "Let me perform the rites..."
You shoot an arrow. The arrow hits Menkaure.
Menkaure is lightly damaged.
Menkaure giggles, "These cerements are ticklish..."
You shoot an arrow. The arrow hits Menkaure.
Menkaure is moderately damaged.
Menkaure gestures at you while chanting.
Pain shoots through your body!
You shoot an arrow. The arrow hits Menkaure!
Menkaure is heavily damaged.
You shoot an arrow. The arrow closely misses Menkaure.
You shoot an arrow. The arrow hits Menkaure!
Menkaure is almost destroyed.
Menkaure hits you!!
You shoot an arrow.
The arrow hits Menkaure but does no damage.
Menkaure is almost destroyed.
Menkaure hits you!
You shoot an arrow.
The arrow hits Menkaure but does no damage.
Menkaure is almost destroyed.
Menkaure hits you!
You die...

.. #.######### #
#.#.M...... #...
##..@####### ...
#.#.##..##<#....#
...##...........#.####
#+#..#.#.#....#....#>.#
#####
##.##...#.###.......'..#
#..)#
.[.##..##...###.....#.##
#...#
...##..#.......)#...#.#
...
......##..>..##%....#.#
#+#
....#........#....).#.#
##.#


You could see Menkaure.

Vanquished Creatures
  A black bear (D:5)
  A phantom (D:4)
  A howler monkey (D:4)
  An orc priest (D:4)
  2 iguanas
  2 orc wizards
  A sleepcap (D:4)
  3 gnolls (D:5)
  6 adders
  A white imp (D:5)
  3 dart slugs
  10 orcs
  3 ball pythons
  7 bats
  5 endoplasms
  2 giant cockroaches
  10 goblins
  8 hobgoblins
  7 jackals
  5 quokkas
  3 frilled lizards
  9 kobolds
  13 rats
104 creatures vanquished.

Notes
Turn   | Place    | Note
-------+----------+-------------------------------------------
     0 | D:1      | qw the Deep Elf Hunter began the quest for the Orb.
     0 | D:1      | Reached XP level 1. HP: 12/12 MP: 3/3
     0 | D:1      | 0 ||| qw: Version: 0.3-a-22-g0ed2b0b
     0 | D:1      | 0 ||| qw: Game counter: 5084
     0 | D:1      | 0 ||| qw: Melee chars always use a shield: true
     0 | D:1      | 0 ||| qw: God list: Okawaru
     0 | D:1      | 0 ||| qw: Allow faded altars: false
     0 | D:1      | 0 ||| qw: Do Orc after clearing Dungeon:15 true
     0 | D:1      | 0 ||| qw: Do second Lair branch before Depths: true
     0 | D:1      | 0 ||| qw: Lair rune preference: random
     0 | D:1      | 0 ||| qw: Goals: Normal
     0 | D:1      | 0 ||| PLANNING D:1-11
   174 | D:1      | Found Axedir's Antique Weapon Emporium.
   182 | D:1      | Reached skill level 6 in Ranged Weapons
   182 | D:1      | Reached XP level 2. HP: 16/16 MP: 4/4
   531 | D:1      | Reached XP level 3. HP: 20/20 MP: 5/5
   695 | D:1      | 695 ||| UPGRADING to +0 ring mail.
   705 | D:1      | 705 ||| DROPPING +0 leather armour.
   706 | D:1      | 706 ||| READING scroll labelled HUXOOR REISEIK.
   707 | D:1      | 707 ||| READING scroll labelled XUGIUM MUTOESA.
   708 | D:1      | 708 ||| READING scroll labelled ZIUTIF VOSHIHO.
   709 | D:1      | 709 ||| READING scroll labelled PERUKI VUEFEUC.
   810 | D:1      | 810 ||| READING scroll labelled ZANYRI AMEBIBBE.
   811 | D:1      | 811 ||| DRINKING 2 golden potions.
   812 | D:1      | 812 ||| DRINKING 4 white potions.
   813 | D:1      | 813 ||| DROPPING scroll of butterflies.
   926 | D:2      | Reached skill level 7 in Ranged Weapons
  1298 | D:2      | 1298 ||| READING scroll labelled ULIDEM QERCH.
  1299 | D:2      | 1299 ||| READING scroll labelled DECOGETW KENAL.
  1301 | D:2      | 1301 ||| Stepping ~*~*~tactically~*~*~ (cloud).
  1301 | D:2      | HP: 4/20 [poisoned by you (poison gas)]
  1302 | D:2      | 1302 ||| DRINKING potion of curing.
  1302 | D:2      | 1302 ||| (to cure poison)
  1489 | D:3      | Identified the amulet of the Frog {Harm Rampage *Corrode
                  | +Blink Regen+}
  1701 | D:3      | Reached XP level 4. HP: 25/25 MP: 6/6
  1846 | D:3      | 1846 ||| UPGRADING to +0 pair of gloves.
  1860 | D:4      | 1860 ||| STAIRDANCE
  1863 | D:3      | Reached skill level 8 in Ranged Weapons
  2204 | D:4      | Reached XP level 5. HP: 18/29 MP: 7/7
  2272 | D:4      | Noticed a phantom
  2286 | D:4      | HP: 6/29 [phantom (2)]
  2287 | D:4      | 2287 ||| DRINKING 3 potions of heal wounds.
  2288 | D:4      | Killed a phantom
  2289 | D:4      | Reached skill level 9 in Ranged Weapons
  2489 | D:4      | 2489 ||| Stepping ~*~*~tactically~*~*~ (water).
  2491 | D:4      | 2491 ||| Stepping ~*~*~tactically~*~*~ (water).
  2499 | D:4      | HP: 4/30 [orc wizard/magic dart (8)]
  2500 | D:4      | 2500 ||| DRINKING 2 potions of heal wounds.
  2503 | D:4      | Reached XP level 6. HP: 32/35 MP: 8/8
  2840 | D:4      | Found an ornate altar of the Wu Jian Council.
  2908 | D:4      | 2908 ||| UPGRADING to +0 helmet.
  2913 | D:4      | 2913 ||| READING 2 scrolls labelled PADDOQ WEP.
  2914 | D:4      | 2914 ||| DRINKING 2 fizzy blue potions.
  2949 | D:4      | 2949 ||| READING 4 scrolls of identify.
  2949 | D:4      | 2949 ||| IDENTIFYING murky white potion
  2950 | D:4      | 2950 ||| READING 3 scrolls of identify.
  2950 | D:4      | 2950 ||| IDENTIFYING red potion
  2951 | D:4      | 2951 ||| READING 2 scrolls of identify.
  2951 | D:4      | 2951 ||| IDENTIFYING glowing brown potion
  2952 | D:4      | 2952 ||| DROPPING potion of degeneration.
  2953 | D:4      | 2953 ||| DROPPING potion of brilliance.
  2954 | D:4      | 2954 ||| DROPPING potion of attraction.
  2955 | D:4      | 2955 ||| DROPPING scroll of fog.
  2956 | D:4      | 2956 ||| DROPPING potion of lignification.
  3008 | D:5      | Entered Level 5 of the Dungeon
  3014 | D:5      | Found a staircase to the Ecumenical Temple.
  3015 | D:5      | 3015 ||| PLANNING TEMPLE
  3017 | D:5      | 3017 ||| FLEEEEING.
  3018 | D:5      | 3018 ||| FLEEEEING.
  3020 | D:5      | 3020 ||| FLEEEEING.
  3021 | D:5      | 3021 ||| STAIRDANCE
  3025 | D:5      | 3025 ||| STAIRDANCE
  3030 | D:5      | 3030 ||| STAIRDANCE
  3034 | D:5      | 3034 ||| STAIRDANCE
  3038 | D:5      | 3038 ||| STAIRDANCE
  3042 | D:5      | 3042 ||| STAIRDANCE
  3046 | D:5      | 3046 ||| STAIRDANCE
  3050 | D:5      | 3050 ||| STAIRDANCE
  3089 | D:5      | 3089 ||| STAIRDANCE
  3119 | D:5      | 3119 ||| FLEEEEING.
  3124 | D:5      | Reached skill level 1 in Armour
  3124 | D:5      | 3124 ||| FLEEEEING.
  3129 | D:5      | 3129 ||| STAIRDANCE
  3138 | D:5      | Reached skill level 10 in Ranged Weapons
  3147 | Temple   | Entered the Ecumenical Temple
  3260 | Temple   | 3260 ||| PLANNING D:1-11
  3260 | Temple   | 3260 ||| UPGRADING to amulet of guardian spirit.
  3305 | D:5      | 3305 ||| FLEEEEING.
  3306 | D:5      | 3306 ||| FLEEEEING.
  3307 | D:5      | 3307 ||| FLEEEEING.
  3316 | D:5      | HP: 5/35 [black bear (5)]
  3317 | D:5      | 3317 ||| DRINKING potion of heal wounds.
  3319 | D:5      | Reached XP level 7. HP: 21/40 MP: 1/9
  3437 | D:5      | Found a runed translucent door.
  3438 | D:5      | Noticed Crazy Yiuf
  3472 | D:5      | Noticed Menkaure
  3480 | D:5      | HP: 10/40 [Menkaure (12)]
  3481 | D:5      | Slain by Menkaure

Levels and vault maps discovered:
D:1:      dpeg_arrival_ratfight, layout_basic, serial_shops, shop,
          minmay_pentomino_x2
D:2:      cheibrodos_old_hovel, layout_basic
D:3:      layout_loops_ring
D:4:      layout_cave_pods, nicolae_wu_jian_immortal_techniques, serial_rivers,
          chequers_serial_rivers_marsh, chequers_serial_rivers_small_b,
          chequers_serial_rivers_small_a, chequers_serial_rivers_micro_a,
          chequers_serial_rivers_micro_a, chequers_serial_rivers_small_b
D:5:      layout_basic, mainiacjoe_overflow_large_starburst,
          minmay_temple_entry_slanted, corexii_shack, uniq_blork_the_orc,
          uniq_menkaure, uniq_crazy_yiuf_cottage
Temple:   nicolae_temple_two_arcs

Skill      XL: |  1  2  3  4  5  6 |
---------------+-------------------+-----
Ranged Weapons | 6 7 8 9 10 | 10.1
Fighting       | 2 |  2.1
Armour         | 1 |  1.0
Dodging        | 4 |  4.1
Stealth        | |  1.2

Action                     |  1- 3 |  4- 6 |  7- 9 || total
---------------------------+-------+-------+-------++-------
   Fire: Shortbow          |   125 |   164 |    27 ||   316
    Use: Scroll            |     7 |     4 |       ||    11
         Potion            |     3 |     4 |       ||     7
 Armour: Leather armour    |     1 |       |       ||     1
         Ring mail         |    15 |    37 |     1 ||    53
  Dodge: Dodged            |    24 |    55 |     1 ||    80

Table legend:
 A = Non-vault XP
 B = Vault XP
 C = Vault XP percentage of total XP
 D = Non-vault monster count
 E = Vault monster count
 F = Vault count percentage of total count
                 A         B        C        D         E       F
            +---------+---------+-------+---------+---------+-------
      Total |     795 |       8 |   1.0 |      97 |       7 |   6.7
            +---------+---------+-------+---------+---------+-------
        D:1 |      42 |       6 |  12.5 |      24 |       6 |  20.0
        D:2 |      38 |       2 |   5.0 |      23 |       1 |   4.2
        D:3 |      65 |       0 |   0.0 |      10 |       0 |   0.0
        D:4 |     420 |       0 |   0.0 |      31 |       0 |   0.0
        D:5 |     230 |       0 |   0.0 |       9 |       0 |   0.0
            +---------+---------+-------+---------+---------+-------
